 Dungeon Crawl Stone Soup version 0.25-a0-164-gb55e97dba5 (webtiles) character file.

Game seed: 6675667046668191471, levelgen mode: deterministic

1221 Lanoc the Slasher (level 8, -8/49 HPs)
             Began as a Tengu Chaos Knight on Nov 23, 2019.
             Was a Plaything of Xom.
             Mangled by a slave (12 damage)
             ... led by Pikel
             ... on level 4 of the Dungeon.
             The game lasted 00:07:38 (3564 turns).

Lanoc the Slasher (Tengu Chaos Knight)              Turns: 3564, Time: 00:07:39

Health: -8/49      AC:  5    Str: 13    XL:     8   Next: 47%
Magic:  9/9        EV: 17    Int: 14    God:    Xom [*.....]
Gold:   376        SH:  3    Dex: 14    Spells: 7/7 levels left

rFire    . . .     SeeInvis .   a - +0 falchion (chaos)
rCold    . . .     Gourm    .   (no shield)
rNeg     . . .     Faith    .   b - +2 leather armour
rPois    .         Spirit   .   (helmet restricted)
rElec    .         Reflect  +   (no cloak)
rCorr    .         Harm     .   (no gloves)
MR       .....                  (boots unavailable)
Stlth    +.........             q - +3 amulet of reflection
HPRegen  0.16/turn              (no ring)
MPRegen  0.11/turn              (no ring)

@: flying quickly and evasively, quick
A: beak, talons 3, able to fly
a: Stop Flying, Renounce Religion


You were on level 4 of the Dungeon.
You worshipped Xom.
You were a special plaything of Xom.
You were hungry.

You visited 2 branches of the dungeon, and saw 6 of its levels.

You collected 376 gold pieces.

Inventory:

Hand Weapons
 a - a +0 falchion of chaos (weapon)
Missiles
 h - 16 poisoned darts (quivered)
Armour
 b - a +2 leather armour (worn)
Magical Staves
 u - an uncursed staff of wizardry {unknown}
Jewellery
 l - an uncursed ring of ice
 q - a +3 amulet of reflection (around neck)
Wands
 k - a wand of disintegration (13)
Scrolls
 d - 6 scrolls of identify {unknown}
 f - a scroll of remove curse {unknown}
 i - 4 scrolls of teleportation {unknown}
 j - a scroll of enchant weapon {unknown}
 m - 2 scrolls of enchant armour {unknown}
 o - a scroll of magic mapping {unknown}
 r - a scroll of random uselessness {unknown}
Potions
 e - a potion of curing
 g - a potion of heal wounds
 s - a potion of might {unknown}
Comestibles
 c - 5 rations


   Skills:
 + Level 5.3 Fighting
 * Level 7.6 Long Blades
 + Level 5.2 Armour
 + Level 4.8 Dodging


You had 7 spell levels left.
You didn't know any spells.
Your spell library was empty.

Dungeon Overview and Level Annotations

Branches:
Dungeon (5/15)             Temple (1/1) D:4

Altars:
Gozag
Xom
Zin

Annotations:
D:5 Pikel


Innate Abilities, Weirdness & Mutations

You have a beak for a mouth.
You have claws for feet.
You can fly continuously.


Message History

Pikel hits your crimson imp with a +1 whip of flaming!
Your crimson imp dies!
You block the slave's attack.
There is a stone staircase leading up here.
The slave closely misses you.
You fly upwards.
Xom grants you insight.
You detect creatures!
You are now a special plaything of Xom.
There is a stone staircase leading down here.
You hit the slave. You burn the slave. You peck the slave.
The slave is severely wounded.
The slave hits you but does no damage.
You barely miss the slave. Your kick misses the slave.
The slave is severely wounded.
The slave closely misses you.
You hit the slave.
The slave goes berserk!
The slave is almost dead.
The slave hits you!
You die...

###.##.รท.......># #.#
#...............# #.#
#..##...........# #.#
##..##.....[)...#### #.#
##................####.#
#####..........#......#
#...........#.....#
#<[....p.#....###.#
###########.....@.....###.####
......)).....................#
##############....###........#
####....##..###.......#
###....######...#.......#
#...##..#######.#.......#
#.......................#
#..#######.##############
#..#.....#.#


You could see a slave (berserk).

Vanquished Creatures
  Sigmund (D:3)
  An ice beast (shapeshifter) (D:5)
  An ice beast (D:5)
  An ogre (D:5)
  A scorpion (D:4)
  3 wights (D:4)
  A crimson imp (D:5)
  A bullfrog zombie (D:5)
  A centaur skeleton (D:4)
  4 orc wizards
  3 worker ants
  A gnoll (D:4)
  6 adders
  2 oozes
  2 worms (D:2)
  4 dart slugs
  A leopard gecko (D:2)
  10 orcs
  10 bats
  A giant cockroach (D:1)
  12 hobgoblins
  11 jackals
  5 kobolds
  2 quokkas (D:3)
  3 ball pythons
  7 frilled lizards
  7 goblins
  3 leopard gecko skeletons
  10 rats
115 creatures vanquished.

Vanquished Creatures (collateral kills)
  Duvessa (D:4)
  A phantom (D:4)
  Dowan (D:4)
  An orc wizard (D:4)
  2 gnolls (D:4)
  An orc (D:4)
7 creatures vanquished.

Vanquished Creatures (others)
  5 toadstools (D:4)
5 creatures vanquished.

Grand Total: 127 creatures vanquished

Notes
Turn   | Place    | Note
-------+----------+-------------------------------------------
     0 | D:1      | Lanoc the Tengu Chaos Knight began the quest for the Orb.
     0 | D:1      | Reached XP level 1. HP: 14/14 MP: 2/2
    25 | D:1      | XOM: harmless Air miscast
    62 | D:1      | Reached XP level 2. HP: 16/19 MP: 3/3
   100 | D:1      | XOM: divination: detect items
   134 | D:1      | Reached XP level 3. HP: 15/23 MP: 4/4
   358 | D:1      | Reached skill level 4 in Long Blades
   483 | D:1      | XOM: divination: detect creatures
   866 | D:2      | Reached XP level 4. HP: 23/28 MP: 5/5
  1072 | D:2      | XOM: silly message
  1272 | D:2      | XOM: butterfly on damage
  1504 | D:2      | XOM: harmless Tmut miscast
  1739 | D:3      | Noticed Sigmund
  1758 | D:2      | XOM: fog
  1896 | D:3      | Gained mutation: You can fly continuously. [Tengu growth]
  1896 | D:3      | Reached XP level 5. HP: 19/32 MP: 6/6
  2192 | D:4      | Found a staircase to the Ecumenical Temple.
  2205 | Temple   | Entered the Ecumenical Temple
  2263 | D:4      | Noticed Duvessa
  2263 | D:4      | Noticed Dowan
  2270 | D:4      | XOM: summons 3 friendly demons
  2278 | D:4      | Killed Duvessa
  2278 | D:4      | Reached skill level 5 in Long Blades
  2280 | D:4      | Killed Dowan
  2280 | D:4      | Reached XP level 6. HP: 38/38 MP: 7/7
  2308 | D:4      | XOM: 2-stop teleportation journey
  2462 | D:4      | Noticed a phantom
  2474 | D:4      | XOM: summons 6 friendly demons
  2497 | D:4      | Killed a phantom
  2500 | D:4      | Reached XP level 7. HP: 25/43 MP: 8/8
  2506 | D:4      | Reached skill level 6 in Long Blades
  2516 | D:4      | XOM: cast spell 'Olgreb's Toxic Radiance'
  2522 | D:4      | XOM: potion effect (heal wounds)
  2539 | D:4      | XOM: scenery: create altars
  2552 | D:4      | XOM: god gift: curved smoking staff {god gift}
  2566 | D:3      | Killed Sigmund
  2581 | D:4      | XOM: god gift: ration
  2611 | D:4      | XOM: divination: detect creatures
  2804 | D:5      | Entered Level 5 of the Dungeon
  2871 | D:5      | Reached XP level 8. HP: 25/48 MP: 9/9
  2996 | D:5      | Noticed a shapeshifter
  2996 | D:5      | a centaur changed into a shapeshifter
  2996 | D:5      | Noticed a blink frog
  2996 | D:5      | a shapeshifter changed into a blink frog
  3004 | D:5      | XOM: cast spell 'Statue Form'
  3004 | D:5      | a blink frog changed into an ice beast
  3012 | D:5      | Reached skill level 5 in Fighting
  3012 | D:5      | Reached skill level 7 in Long Blades
  3251 | D:5      | Noticed Blork the orc
  3268 | D:5      | XOM: scenery: create altars
  3272 | D:5      | Reached skill level 5 in Armour
  3272 | D:5      | XOM: scenery: create altars
  3277 | D:5      | Noticed Blork
  3278 | D:5      | Killed Blork the adder
  3354 | D:5      | XOM: cast spell 'Summon Hydra'
  3433 | D:5      | XOM: summons friendly crimson imp
  3532 | D:5      | Noticed Pikel
  3541 | D:5      | XOM: summons friendly shadow imp
  3557 | D:5      | HP: 2/49 [slave[Pikel] (3)]
  3561 | D:4      | XOM: divination: detect creatures
  3564 | D:4      | Mangled by a slave

Levels and vault maps discovered:
D:1:      tarquinn_simple_flora_water_d, layout_loops_ring
D:2:      layout_basic
D:3:      layout_rooms, uniq_sigmund
D:4:      layout_rooms, minmay_temple_entry_drinking_statues, nrook_mini_vaults,
          minmay_gold_behind_fungi, uniq_duvessa
D:5:      cheibrodos_two_vegetables, layout_basic, first_ration, st_stairs_13,
          uniq_blork_the_orc, uniq_pikel
Temple:   minmay_crystal_snake_temple

Skill      XL: |  1  2  3  4  5  6  7  8 |
---------------+-------------------------+-----
Long Blades    | 4 5 6 7 |  7.6
Dodging        | 2 3 4 |  4.8
Armour         | 3 4 5 |  5.2
Fighting       | 4 5 |  5.3

Action                   |  1- 3 |  4- 6 |  7- 9 || total
-------------------------+-------+-------+-------++-------
Melee: Falchion          |    76 |   119 |   121 ||   316
       Peck              |    17 |    17 |    17 ||    51
       Kick              |    18 |    31 |    33 ||    82
 Abil: Fly               |       |     1 |       ||     1
  Use: Potion            |       |     1 |     6 ||     7
 Stab: Sleeping          |     1 |     3 |       ||     4
       Distracted        |       |     1 |       ||     1
       Petrifying        |       |     1 |       ||     1
       Paralysed         |       |       |     4 ||     4
       Confused          |       |       |     1 ||     1
  Eat: Chunk             |       |     5 |     3 ||     8
Armor: Leather armour    |    37 |    39 |    14 ||    90
       Skin              |       |       |    17 ||    17
Dodge: Dodged            |    58 |    69 |    65 ||   192
Block: Other             |       |     1 |    14 ||    15
       Reflection        |       |       |     1 ||     1
       Rpst.: Falchion   |    16 |    17 |    17 ||    50

Table legend:
 A = Non-vault XP
 B = Vault XP
 C = Vault XP percentage of total XP
 D = Non-vault monster count
 E = Vault monster count
 F = Vault count percentage of total count
                 A         B        C        D         E       F
            +---------+---------+-------+---------+---------+-------
      Total |    1376 |     369 |  21.1 |     118 |       4 |   3.3
            +---------+---------+-------+---------+---------+-------
        D:1 |      71 |       0 |   0.0 |      36 |       0 |   0.0
        D:2 |      74 |       0 |   0.0 |      26 |       0 |   0.0
        D:3 |      52 |     238 |  82.1 |      18 |       1 |   5.3
        D:4 |     547 |     118 |  17.7 |      23 |       2 |   8.0
        D:5 |     632 |      13 |   2.0 |      15 |       1 |   6.2
            +---------+---------+-------+---------+---------+-------
